 Dungeon Crawl Stone Soup version 0.28-a0-845-gfc338a8e3c (webtiles) character file.

Game seed: 6607913838876751495

7814 siradein the Grappler (level 11, -16/109 HPs)
             Began as a Troll Monk on Nov 12, 2021.
             Was a High Priest of Qazlal.
             Demolished by a lorocyproca (29 damage)
             ... on level 2 of the Abyss.
             The game lasted 00:16:04 (8412 turns).

siradein the Grappler (Troll Monk)                  Turns: 8412, Time: 00:16:06

Health: -16/109    AC: 12    Str: 21    XL:     11   Next: 1%
Magic:  0/14       EV: 12    Int:  6    God:    Qazlal [*****.]
Gold:   672        SH:  7    Dex: 15    Spells: 10/10 levels left

rFire   + . .      SeeInvis .     - Unarmed
rCold   . . .      Faith    .   (no shield)
rNeg    . . .      Spirit   +   J - +0 troll leather armour
rPois   .          Reflect  .   (helmet restricted)
rElec   .          Harm     .   w - +2 cloak
rCorr   .          Rampage  .   (gloves unavailable)
Will    .....                   (boots unavailable)
Stlth   +.........              e - amulet of guardian spirit
HPRegen 2.28/turn               G - ring of protection from fire
MPRegen 0.14/turn               (no ring)

@: protected from physical damage, slowed, repel missiles, very slow
A: large, unfitting armour, claws 3, regeneration 1, shaggy fur 1, tough skin 1
a: Renounce Religion, Upheaval, Elemental Force, Disaster Area


You were on level 2 of the Abyss.
You worshipped Qazlal.
Qazlal was extremely pleased with you.
You visited 2 branches of the dungeon, and saw 10 of its levels.
You visited the Abyss 1 time.
You also visited: Ossuary.

You collected 672 gold pieces.

Inventory:

Hand Weapons
 H - a +2 scimitar of flaming
Missiles
 f - 521 stones (quivered)
 h - 6 atropa-tipped darts
 m - 34 poisoned darts
 s - 7 throwing nets
 t - 20 boomerangs
 I - a curare-tipped dart
Armour
 w - a +2 cloak (worn)
 J - a +0 troll leather armour (worn)
Jewellery
 e - an amulet of guardian spirit (around neck)
 D - an amulet of the acrobat
 G - a ring of protection from fire (left claw)
Wands
 u - a wand of iceblast (7)
Scrolls
 a - 4 scrolls of identify
 b - 2 scrolls of fear
 i - a scroll of acquirement
 l - a scroll of enchant weapon
 n - a scroll of enchant armour {unknown}
 p - a scroll of noise {unknown}
 q - 3 scrolls of amnesia {unknown}
 v - 2 scrolls of magic mapping {unknown}
 x - a scroll of summoning {unknown}
 y - a scroll of fog {unknown}
 z - a scroll of brand weapon {unknown}
 B - a scroll of torment {unknown}
 C - a scroll of immolation {unknown}
 F - a scroll of silence {unknown}
Potions
 c - 7 potions of curing
 d - 2 potions of degeneration {unknown}
 g - a potion of invisibility {unknown}
 j - 4 potions of mutation {unknown}
 k - 9 potions of heal wounds
 o - a potion of ambrosia {unknown}
 r - 3 potions of brilliance {unknown}
 A - 3 potions of might
 E - a potion of flight {unknown}
 K - a potion of cancellation {unknown}


   Skills:
 + Level 7.0 Fighting
 + Level 6.9 Throwing
 + Level 7.1 Dodging
 - Level 1.1 Stealth
 + Level 8.5 Unarmed Combat
 + Level 6.1 Invocations


You had 10 spell levels left.
You didn't know any spells.
Your spell library contained the following spells:

 Spells                   Type           Power      Damage    Failure   Level
 Ensorcelled Hibernation  Hex/Ice        0%         N/A       65%         2
 Dazzling Flash           Conj/Hex       0%         N/A       86%         3
 Tukima's Dance           Hex            0%         N/A       86%         3
 Agony                    Necr           0%         N/A       100%        5
 Silence                  Hex/Air        0%         N/A       100%        5


Dungeon Overview and Level Annotations

Branches:
Dungeon (9/15)             Temple (1/1) D:5             Orc (0/2) D:9
Ossuary (visited)
   Lair: D:8-11

Altars:
Ashenzari
Cheibriados
Elyvilon
Fedhas
Gozag
Hepliaklqana
Kikubaaqudgha
Nemelex Xobeh
Okawaru
Qazlal
Ru
Sif Muna
Uskayaw
Vehumet
Wu Jian
Xom
Zin

Shops:
D:6 (

Annotations:
D:9 Erolcha


Innate Abilities, Weirdness & Mutations

You are too large for most types of armour.
You have claws for hands.
Your natural rate of healing is unusually fast.
You are covered in fur. (AC +1)
You have tough skin. (AC +1)


Message History

* * * LOW HITPOINT WARNING * * *
Something drains your vigour!
You feel as though you will be slow longer.
The ufetubus is engulfed in freezing vapours.
The ynoxinul is engulfed in blazing flames.
The green very ugly thing is engulfed in freezing vapours.
The hellwing hits you!
* * * LOW HITPOINT WARNING * * *
You block the hellwing's attack. Something hits you!
* * * LOW HITPOINT WARNING * * *
The green very ugly thing is engulfed in blazing flames.
You block the ufetubus's attack. The ufetubus barely misses you.
The ynoxinul is engulfed in freezing vapours.
The ynoxinul is struck by lightning.
You kill the ynoxinul!
Qazlal accepts your kill.
The ufetubus disappears in a puff of smoke!
You block the ufetubus's attack. The ufetubus barely misses you.
The hellwing hits you.
* * * LOW HITPOINT WARNING * * *
The hellwing hits you but does no damage.
You have reached level 11!
A fire crab comes into view.
You hear a roar!
The green very ugly thing is engulfed in blazing flames.
The ufetubus barely misses you. You block the ufetubus's attack.
Unknown command.
You barely miss the ufetubus.
The ufetubus is heavily wounded.
The ufetubus barely misses you. You block the ufetubus's attack.
The raiju bursts into living lightning!
The living lightning misses you.
The raiju blinks! x2
The hellwing is struck by lightning.
You kill the hellwing!
Qazlal accepts your kill.
The green very ugly thing is engulfed in blazing flames.
You block the green very ugly thing's attack.
The ufetubus barely misses you. You block the ufetubus's attack.
Something hits you!!
You die...

##. .#...#..... .. .
. .#u##.###.#.###.
.### #..####
##...#...#..#.#
#..##.#.
#.#.4...#...#. ##.
u...#........#......
..
....#.#...##u4..t##.
4..#4 4.#..##.§.#.##
..##..3.#3###.§u.5.#
# #.3#.##...##§h@#.#
.#####.###..°###. .


hh# .# ###. ... # ## #.#.. # .# . . You could see a green very ugly thing, a
green ugly thing, a fire crab, 2 hellwings, a raiju and an ufetubus.

Vanquished Creatures
  Harold (D:8)
  Erica (D:9)
  Maurice (D:9)
  A hellwing (Abyss:2)
  A troll (D:8)
  2 slime creatures (D:9)
  A ynoxinul (Abyss:2)
  A steam dragon (D:7)
  3 vampire mosquitoes (D:8)
  A small abomination (Abyss:2)
  An acid dragon (D:9)
  3 water moccasins
  3 sky beasts (D:7)
  5 orc warriors
  2 ice beasts
  4 ogres
  A necrophage (D:4)
  2 centaurs (D:6)
  An elf zombie (Ossuary)
  A phantom (D:6)
  5 kobold brigands
  2 bullfrogs
  A scorpion (D:5)
  4 gnoll sergeants
  3 wights (D:6)
  A bullfrog zombie (D:3)
  6 howler monkeys
  3 centaur zombies
  2 hounds
  A human zombie (Ossuary)
  A jelly (D:8)
  5 orc priests
  3 gnoll shamans
  4 iguanas
  Crazy Yiuf (D:4)
  A centaur skeleton (D:7)
  7 orc wizards
  A hound skeleton (D:4)
  3 mummies
  2 howler monkey zombies (D:4)
  37 gnolls
  10 adders
  A shadow imp (D:6)
  5 dart slugs
  39 orcs
  8 bats
  11 endoplasms
  3 giant cockroaches (D:1)
  34 goblins
  26 hobgoblins
  4 quokkas
  3 ball pythons
  5 frilled lizards
  A goblin zombie (D:6)
  11 hobgoblin zombies (Ossuary)
  3 jackal zombies (Ossuary)
  23 kobolds
  10 kobold zombies (Ossuary)
  9 orc zombies
  5 rats
  2 rat zombies (Ossuary)
342 creatures vanquished.

Vanquished Creatures (others)
  2 starspawn tentacles (Abyss:2)
2 creatures vanquished.

Grand Total: 344 creatures vanquished

Notes
Turn   | Place    | Note
-------+----------+-------------------------------------------
     0 | D:1      | siradein the Troll Monk began the quest for the Orb.
     0 | D:1      | Reached XP level 1. HP: 22/22 MP: 0/0
   157 | D:1      | Reached XP level 2. HP: 29/29 MP: 1/1
   240 | D:1      | Found a faded altar of an unknown god.
   724 | D:1      | Reached XP level 3. HP: 36/36 MP: 2/2
   945 | D:2      | Reached XP level 4. HP: 36/45 MP: 1/3
  1022 | D:2      | Reached skill level 1 in Throwing
  1452 | D:3      | Reached XP level 5. HP: 45/53 MP: 4/4
  1640 | D:3      | Reached skill level 4 in Unarmed Combat
  2106 | D:4      | Reached XP level 6. HP: 55/61 MP: 2/5
  2740 | D:4      | Reached XP level 7. HP: 65/68 MP: 3/6
  3245 | D:4      | Found a runed translucent door.
  3246 | D:4      | Identified the +5 mace of the King {venom, *Rage rElec
                  | rN++}
  3246 | D:4      | Noticed Crazy Yiuf
  3503 | D:4      | Killed Crazy Yiuf
  3558 | D:5      | Entered Level 5 of the Dungeon
  3621 | D:5      | Found a staircase to the Ecumenical Temple.
  3658 | Temple   | Entered the Ecumenical Temple
  3704 | Temple   | Became a worshipper of Qazlal Stormbringer
  3704 | Temple   | Reached * piety under Qazlal
  3704 | Temple   | Reached ** piety under Qazlal
  3776 | D:5      | Reached skill level 5 in Unarmed Combat
  3870 | D:5      | Reached skill level 1 in Invocations
  4474 | D:6      | Found a sand-covered staircase.
  4484 | Ossuary  | Entered an ossuary
  4623 | Ossuary  | Reached *** piety under Qazlal
  4652 | Ossuary  | Reached XP level 8. HP: 79/79 MP: 5/8
  5140 | D:6      | Reached skill level 5 in Fighting
  5140 | D:6      | Reached skill level 5 in Dodging
  5140 | D:6      | Reached skill level 6 in Unarmed Combat
  5202 | D:6      | Found Ischeuw's Antique Weapon Shop.
  5460 | D:6      | Reached **** piety under Qazlal
  5532 | D:6      | Identified the +0 ring mail of Intercession {-Tele rElec
                  | rC+ Int+7}
  5585 | D:6      | Identified a scroll of acquirement
  5763 | D:7      | Reached XP level 9. HP: 84/88 MP: 8/10
  5994 | D:7      | Reached skill level 5 in Throwing
  6490 | D:7      | Reached skill level 7 in Unarmed Combat
  6798 | D:8      | Reached ***** piety under Qazlal
  6865 | D:8      | Noticed Harold
  6880 | D:8      | Killed Harold
  6881 | D:8      | Reached XP level 10. HP: 56/98 MP: 5/12
  6981 | D:8      | Reached skill level 5 in Invocations
  7487 | D:9      | Noticed Erica
  7504 | D:9      | Killed Erica
  7519 | D:9      | Noticed Maurice
  7595 | D:9      | Killed Maurice
  7691 | D:9      | Reached skill level 8 in Unarmed Combat
  8228 | D:9      | Found a staircase to the Orcish Mines.
  8311 | D:9      | Found an ornate altar of the Wu Jian Council.
  8312 | D:9      | Noticed Erolcha
  8329 | D:9      | Cast into level 2 of the Abyss (Erolcha)
  8329 | Abyss:2  | Found a corrupted altar of Lugonu.
  8332 | Abyss:2  | Noticed a cyan very ugly thing
  8332 | Abyss:2  | Noticed a cyan ugly thing
  8332 | Abyss:2  | Noticed a cyan ugly thing
  8395 | Abyss:2  | Noticed a smoke demon
  8407 | Abyss:2  | Noticed a tentacled starspawn
  8411 | Abyss:2  | Reached XP level 11. HP: 7/109 MP: 0/14
  8411 | Abyss:2  | Noticed a fire crab
  8412 | Abyss:2  | Demolished by a lorocyproca

Illustrated notes

Levels and vault maps discovered:
D:1:      dpeg_arrival_three_same_balls, layout_loops_ring,
          basic_ecumenical_altar, minmay_tetromino_t4
D:2:      layout_rooms, st_stairs_5
D:3:      layout_rooms, serial_aquarium, aquarium_bridge_straight
          [aquarium_subvault_bridge, aquarium_subvault_wall,
          aquarium_subvault_bridge, aquarium_subvault_balcony],
          aquarium_bridge_long_separate [aquarium_subvault_bridge,
          aquarium_subvault_wall, aquarium_subvault_bridge,
          aquarium_subvault_window, aquarium_subvault_window,
          aquarium_subvault_bridge], aquarium_window_fake,
          aquarium_window_corridor_2, aquarium_view_2b, aquarium_view_2e,
          aquarium_balcony_double_2, kennysheep_nondescript, grunt_ministairs_2
D:4:      minmay_goblin_kobold_castle, layout_loops_corners, minivault_26,
          uniq_crazy_yiuf_cottage
D:5:      layout_cave_pools, temple_statues, ebering_dispersal_statue_hall
D:6:      layout_loops_corners, nicolae_ossuary_entry_giza, serial_shops,
          nicolae_square_shop, serial_park_tiny_1
D:7:      layout_loops_corners, minmay_fractal_squares_diagonal_5
D:8:      layout_basic, uniq_harold
D:9:      layout_rooms, nzn_wu_jian_council_hall,
          kennysheep_orc_monster_closet_entryway, uniq_erica, uniq_maurice,
          uniq_erolcha
Temple:   regret_index_temple_sigil_plot
Abyss:2:  base: D:2, hangedman_decor_lopped, abyss_furniture_001

Skill      XL: |  1  2  3  4  5  6  7  8  9 10 |
---------------+-------------------------------+-----
Dodging        | 3 4 5 6 7 |  7.1
Fighting       | 3 4 5 6 7 |  7.0
Throwing       | 1 2 3 4 5 6 |  6.9
Unarmed Combat | 4 5 6 7 8 |  8.5
Invocations    | 1 3 4 6 |  6.1
Stealth        | |  1.1

Action                   |  1- 3 |  4- 6 |  7- 9 | 10-12 || total
-------------------------+-------+-------+-------+-------++-------
Melee: Unarmed           |    93 |   239 |   444 |   216 ||   992
       Punch             |     1 |     3 |    18 |    12 ||    34
  Use: Scroll            |       |       |     5 |       ||     5
 Stab: Sleeping          |     2 |     3 |       |       ||     5
Armor: Robe              |    33 |   112 |   107 |       ||   252
       Steam dragon scal |       |       |    11 |    56 ||    67
       Troll leather arm |       |       |       |    12 ||    12
Dodge: Dodged            |    48 |   169 |   192 |   138 ||   547
       Repelled          |       |       |       |     2 ||     2
Block: Other             |       |       |    50 |    81 ||   131

Table legend: (Time is in decaauts)
 A = Elapsed time spent in this place.
 B = Non-inter-level travel time spent in this place.
 C = Inter-level travel time spent in this place.
 D = Time resting spent in this place.
 E = Time spent auto-exploring this place.
 F = Levels seen in this place.
 G = Mean time per level.
                   A        B        C        D        E       F      G
               +--------+--------+--------+--------+--------+-----+--------+
         Total |   8372 |   7971 |    401 |    106 |   5542 |  12 |  697.7 |
       Dungeon |   7972 |   7571 |    401 |    106 |   5406 |   9 |  885.8 |
        Temple |     74 |     74 |      0 |      0 |     26 |   1 |   74.0 |
         Abyss |     85 |     85 |      0 |      0 |      0 |   1 |   85.0 |
       Ossuary |    240 |    240 |      0 |      0 |    110 |   1 |  240.0 |
               +--------+--------+--------+--------+--------+-----+--------+

Top non-repeatable levels by time:
     D:4: 1652 daAuts
     D:7: 1130 daAuts
     D:6: 996 daAuts
     D:8: 961 daAuts
     D:1: 896 daAuts
     D:3: 740 daAuts
     D:9: 594 daAuts
     D:5: 518 daAuts
     D:2: 482 daAuts
 Ossuary: 240 daAuts
 Abyss:2: 85 daAuts
  Temple: 74 daAuts
